AoeStats
← yoselibero

Scandinavia

510394789Analyzed
1v1 RM · 21h ago on Sep 30, 2026· 21m 13s· 2 players
Game mode
Random Map
Map size
Tiny (2 player)
Population
200
Speed
Normal
Resources
Standard
Victory
Conquest
Starting age
Dark Age
Ending age
Imperial Age
RankedLock teamsTeams togetherTeam positionsShared explorationLock speedFull tech treeHidden civsTurbo modeCheats
Victory
Defeat
🇨🇳 Georgians · China
1178
+15
🇨🇿 Britons · Czechia
1153
-15
yoselibero
5:46 Loom
8:39 Feudal Age
13:40 Fletching
19:35 Padded Archer Armor
23:03 Castle Age
盗无华
7:58 Loom
10:25 Feudal Age
11:35 Double-Bit Axe
11:54 Town Watch
12:35 Fishing Lines
15:28 Scale Barding Armor
16:25 Bloodlines
16:27 Forging
23:47 Castle Age
Connection lost

Rejoining the realm…

Still unreachable

The connection could not be restored.

Session expired

The server has moved on; the page needs a fresh start.